 Dungeon Crawl Stone Soup version 0.14-a0-3424-g5348755 (webtiles) character file.

253 MrRokkomies the Ruffian (level 5, -1/40 HPs)
             Began as a Draconian Transmuter on Mar 22, 2014.
             Was an Initiate of Okawaru.
             Killed from afar by Grinder (6 damage)
             ... with a wand of magic darts
             ... on Level 3 of the Dungeon.
             The game lasted 00:07:41 (2852 turns).

MrRokkomies the Ruffian (Draconian Transmuter)      Turns: 2852, Time: 00:07:41

HP  -1/40        AC  6     Str 12      XL: 5   Next:  6%
MP   8/9         EV 12     Int 15      God: Okawaru [......]
Gold 108         SH  0     Dex 11      Spells:  2 memorised,  4 levels left

rFire  . . .     SeeInvis .       - Unarmed
rCold  . . .     Clarity  .     (armour unavailable)
rNeg   . . .     Conserve .     (no shield)
rPois  .         rCorr    .     (helmet restricted)
rElec  .         rRot     .     (no cloak)
SustAb . .       Spirit   .     (no gloves)
rMut   .         Warding  .     h - +0 pair of boots
Saprov . . .     Stasis   .     (no amulet)
MR     .....                    (no ring)
                                (no ring)

@: very slightly contaminated, hasted, very quick, not resistant to hostile
enchantments, unstealthy
A: unfitting armour, AC +5
a: Renounce Religion


You were on level 3 of the Dungeon.
You worshipped Okawaru.
Okawaru was noncommittal.
You were not hungry.

You visited 1 branch of the dungeon, and saw 3 of its levels.

You collected 108 gold pieces.

Inventory:

Missiles
 b - 12 arrows
 f - 17 poisoned needles
 i - 3 curare-tipped needles
Armour
 h - a +0 pair of boots (worn)
Comestibles
 a - 3 bread rations
 q - a meat ration
Scrolls
 g - a scroll of magic mapping {unknown}
 k - a scroll of enchant weapon II {unknown}
 l - a scroll of random uselessness {unknown}
 n - a scroll of teleportation {unknown}
 p - 2 scrolls of remove curse {unknown}
 r - a scroll of enchant armour {unknown}
Potions
 e - a potion of lignification
 j - 2 potions of restore abilities {unknown}
 m - a potion of curing
 o - a potion of cure mutation {unknown}
Books
 d - a book of Changes

   Spells                             Type                      Level
   *Beastly Appendage                 Transmutation                1
   Sticks to Snakes                   Transmutation                2
   *Spider Form                       Transmutation/Poison         3
   Ice Form                           Ice/Transmutation            4
   Blade Hands                        Transmutation                5


   Skills:
 - Level 1.1 Fighting
 - Level 1.7 Dodging
 + Level 5.2 Unarmed Combat
 - Level 2.0 Spellcasting
 * Level 3.1 Transmutations


You had 4 spell levels left.
You knew the following spells:

 Your Spells              Type           Power        Failure   Level  Hunger
a - Beastly Appendage     Trmt           ##....       8%          1    #......
b - Spider Form           Trmt/Pois      #.........   34%         3    ####...


Dungeon Overview and Level Annotations

Branches:
Dungeon (3/15)

Altars:
Fedhas
Okawaru

Annotations:
D:3 Grinder


Message History

You hit Grinder.
Grinder is severely wounded.
You hit Grinder.
Grinder is severely wounded.
Grinder gestures.
Grinder blinks!
Grinder hits you but does no damage.
You hit Grinder.
Your tail-slap misses Grinder.
Grinder is almost dead.
Grinder barely misses you.
You barely miss Grinder.
Grinder is almost dead.
You hit Grinder.
Your tail-slap misses Grinder.
Grinder is almost dead.
Grinder zaps a wand.
The magic dart hits you!
* * * LOW HITPOINT WARNING * * *
You closely miss Grinder.
Grinder is almost dead.
Grinder zaps a wand.
The magic dart hits you!
You die...

.........)...#.##...
.###.###.#........... #.
#.#...#.#...#
#.###.##.##.#...##
.................#
#.########...###.# #.
#...#
##.###.#########)####.#
...............5@......#
............((....##...#
###.#...###...##### ...#
###. ##### ... #. . ..
.. #.. ###


You could see Grinder.

Vanquished Creatures
  Ijyb (D:2)
  6 adders
  2 giant geckos
  3 orcs (D:3)
  5 hobgoblins
  7 jackals
  2 ball pythons (D:2)
  8 bats
  7 giant cockroaches
  3 giant newts
  10 goblins
  10 kobolds
  11 rats
75 creatures vanquished.

Notes
Turn   | Place    | Note
--------------------------------------------------------------
     0 | D:1      | MrRokkomies, the Draconian Transmuter, began the quest for the Orb.
     0 | D:1      | Reached XP level 1. HP: 16/16 MP: 3/3
   316 | D:1      | Reached XP level 2. HP: 18/23 MP: 4/4
   577 | D:1      | Reached XP level 3. HP: 19/28 MP: 6/6
   775 | D:1      | Reached skill level 4 in Unarmed Combat
  1022 | D:2      | Noticed Ijyb
  1054 | D:2      | Killed Ijyb
  1471 | D:2      | Reached XP level 4. HP: 10/35 MP: 7/7
  1475 | D:2      | Found an iron altar of Okawaru.
  1556 | D:2      | Became a worshipper of Warmaster Okawaru
  2003 | D:2      | Learned a level 3 spell: Spider Form
  2316 | D:2      | Reached skill level 5 in Unarmed Combat
  2637 | D:3      | Reached XP level 5. HP: 40/40 MP: 9/9
  2765 | D:3      | Found a blossoming altar of Fedhas.
  2809 | D:3      | Noticed Grinder
  2852 | D:3      | Killed from afar by Grinder

Action                   |  1- 3 |  4- 6 || total
-------------------------+-------+-------++-------
Melee: Unarmed           |   204 |   101 ||   305
 Cast: Beastly Appendage |     8 |     5 ||    13
       Spider Form       |       |     1 ||     1
  Use: Scroll            |     4 |       ||     4
       Potion            |       |     4 ||     4
 Stab: Sleeping          |       |     2 ||     2
